[Event "Titled Tuesday Blitz January 17 Early 2023"]
[White "Klose, Eli"]
[Black "Reprintsev, Alexander"]
[WhiteFideId "16242955"]
[BlackFideId "14100541"]
[WhiteElo "1519"]
[BlackElo "2253"]
[Result "1-0"]
[Round "08"]
[TimeControl "180+2"]
[Date "2023.01.17"]
[WhiteClock "0:00:07"]
[BlackClock "0:00:01"]

1. e4 d5 2. exd5 Qxd5 3. Nc3 Qa5 4. d4 Nf6 5. Bd3 Nc6 6. Ne2 Nb4 7. Ng3 Bg4 8. f3 Nxd3+ 9. Qxd3 Be6 10. Qb5+ Qxb5 11. Nxb5 O-O-O 12. Nxa7+ Kb8 13. Nb5 c6 14. Bf4+ Kc8 15. Nc3 Rxd4 16. Be3 Rb4 17. b3 Nd5 18. Nxd5 cxd5 19. a4 d4 20. Bd2 Rb6 21. Rb1 g6 22. Ne2 Bg7 23. Nf4 Bf5 24. Nd3 Rc6 25. Nb4 Rd6 26. g4 Bd7 27. Nd3 Bc6 28. O-O h5 29. g5 f6 30. Rbe1 fxg5 31. Bxg5 Bf6 32. h4 Bxg5 33. hxg5 Kd8 34. Re5 Rf8 35. f4 Rd5 36. Rfe1 Rxe5 37. Rxe5 b6 38. Kh2 Rf7 39. Kg3 Ke8 40. a5 bxa5 41. Rxa5 Be4 42. Ne5 Rf5 43. Rb5 Kd8 44. Rc5 h4+ 45. Kg4 h3 46. Kxh3 Rxf4 47. Rc4 Bf5+ 48. Kg3 Re4 49. Rxd4+ Rxd4 50. Nc6+ Kc7 51. Nxd4 Be4 52. Kf4 Bg2 53. Ke5 Kd7 54. c4 Bf1 55. c5 Ba6 56. b4 Bb7 57. b5 Bg2 58. Ne6 Bf1 59. b6 Bd3 60. Kd4 Bf5 61. Nf4 Kc6 62. Nd3 Kb7 63. Ne5 e6 64. Kc4 Be4 65. Kd4 Bf5 66. Nc4 Kc6 67. Nd6 Bg4 68. Ke5 Bf3 69. Ne4 Be2 70. Kf6 Bd3 71. Ke5 Bc2 72. Nd6 1-0


[Site "https://www.chess.com"]

[Event "Titled Tuesday Blitz January 17 Early 2023"]
[White "Tologon tegin, Semetei"]
[Black "Bettalli, Francesco"]
[WhiteFideId "13800574"]
[BlackFideId "2816453"]
[WhiteElo "2372"]
[BlackElo "2252"]
[Result "0-1"]
[Round "08"]
[TimeControl "180+2"]
[Date "2023.01.17"]
[WhiteClock "0:00:39"]
[BlackClock "0:01:59"]

1. Nf3 g6 2. g3 Bg7 3. Bg2 d5 4. O-O e5 5. d3 Ne7 6. c4 d4 7. b4 O-O 8. a4 a5 9. b5 c5 10. bxc6 Nbxc6 11. Ba3 Nb4 12. Bxb4 axb4 13. Qb3 Nc6 14. Ne1 Qe7 15. Nc2 Bg4 16. Re1 h5 17. h3 Bd7 18. Nd2 h4 19. Reb1 hxg3 20. fxg3 Bh6 21. Nf1 f5 22. Nxb4 e4 23. Nd5 Qd6 24. c5 Qe6 25. Nb6 Qxb3 26. Rxb3 Be6 27. Rb2 Ra5 28. Rc1 Bxc1 0-1


[Site "https://www.chess.com"]

[Event "Titled Tuesday Blitz January 17 Early 2023"]
[White "Williams, Simon K"]
[Black "Gheorghiu, Calin"]
[WhiteFideId "404454"]
[BlackFideId "1200305"]
[WhiteElo "2465"]
[BlackElo "2313"]
[Result "1-0"]
[Round "08"]
[TimeControl "180+2"]
[Date "2023.01.17"]
[WhiteClock "0:00:33"]
[BlackClock "0:00:03"]

1. e4 e6 2. Nf3 d5 3. e5 c5 4. b4 cxb4 5. d4 Ne7 6. a3 Nf5 7. axb4 Bxb4+ 8. c3 Be7 9. h4 h5 10. Bd3 Bd7 11. Bxf5 exf5 12. O-O Qb6 13. Bg5 Nc6 14. Nbd2 O-O 15. Re1 Rfe8 16. Nf1 Rac8 17. Ng3 g6 18. Bxe7 Nxe7 19. Qd2 Kg7 20. Qg5 Kh7 21. e6 Bxe6 22. Qf6 Kg8 23. Ng5 Rxc3 24. Rxe6 Qxe6 25. Nxe6 fxe6 26. Qxe6+ Kg7 27. Re1 Rc6 28. Qd7 Kf7 29. Re5 Rf6 30. Ne2 a5 31. Nf4 1-0


[Site "https://www.chess.com"]

[Event "Titled Tuesday Blitz January 17 Early 2023"]
[White "Korchmar, Vasiliy"]
[Black "Poeta, Caio Medeiros"]
[WhiteFideId "24131750"]
[BlackFideId "2142660"]
[WhiteElo "2438"]
[BlackElo "2088"]
[Result "1-0"]
[Round "08"]
[TimeControl "180+2"]
[Date "2023.01.17"]
[WhiteClock "0:00:02"]
[BlackClock "0:00:28"]

1. Nf3 Nf6 2. g3 b6 3. Bg2 Bb7 4. c4 c5 5. O-O d5 6. cxd5 Nxd5 7. d4 e6 8. Ne5 Nc6 9. Nxc6 Bxc6 10. Nc3 Qd7 11. e4 Nxc3 12. bxc3 cxd4 13. cxd4 Rd8 14. d5 Bb5 15. Re1 Bb4 16. Bd2 Bxd2 17. Qxd2 O-O 18. Rad1 exd5 19. exd5 Qd6 20. h4 Rc8 21. Qg5 h6 22. Qe7 Rfd8 23. Qxa7 Rb8 24. Qe7 Ra8 25. Qe3 Rxa2 26. Rb1 Ra5 27. Rb3 Re8 28. Qd2 Rxe1+ 29. Qxe1 Bc4 30. Qe8+ Qf8 31. Qxf8+ Kxf8 32. Rxb6 Bxd5 33. f3 g6 34. Rb2 h5 35. Kh2 Kg7 36. Rf2 Ra3 37. g4 hxg4 38. fxg4 Bxg2 39. Kxg2 Rb3 40. g5 Ra3 41. Rf3 Ra2+ 42. Kg3 Ra4 43. Rf4 Ra3+ 44. Kg4 Ra1 45. Rf3 Rg1+ 46. Kf4 Rh1 47. Kg4 Rg1+ 48. Rg3 Rf1 49. Kh3 Kf8 50. Rb3 Kg7 51. Rb4 Ra1 52. Kg3 Rg1+ 53. Kf4 Ra1 54. Ke5 Rf1 55. Kd6 Re1 56. Rf4 Re2 57. Kd7 Re1 58. Kd8 Re2 59. Rd4 Re1 60. Kd7 Re3 61. Kd6 Re2 62. Kd5 Re1 63. Re4 Rd1+ 64. Ke5 Rf1 65. Rd4 Rf5+ 66. Kd6 Ra5 67. Ke7 Rf5 68. Re4 Ra5 69. Rf4 Rb5 70. Rxf7+ Kg8 71. Rf8+ Kg7 72. Rf7+ Kg8 73. Rf4 Kg7 74. Rd4 Re5+ 75. Kd6 Re1 76. Kd5 Re2 77. Re4 Rd2+ 78. Ke6 Rd8 79. Rb4 Re8+ 80. Kd6 Rd8+ 81. Ke7 Rd1 82. Rb7 Rd4 83. Ke6+ Kg8 84. Kf6 Rxh4 85. Kxg6 Kf8 86. Rb8+ Ke7 87. Kg7 Rh1 88. g6 Rg1 89. Rb6 Rh1 90. Kg8 Rh2 91. g7 Rh1 92. Rb4 Rh2 93. Re4+ Kf6 94. Kf8 Kf5 95. Re1 1-0


[Site "https://www.chess.com"]

[Event "Titled Tuesday Blitz January 17 Early 2023"]
[White "Kochetov, Andrey"]
[Black "Tymrakiewicz, Rafal"]
[WhiteFideId "24130532"]
[BlackFideId "1108832"]
[WhiteElo "2165"]
[BlackElo "2144"]
[Result "1-0"]
[Round "08"]
[TimeControl "180+2"]
[Date "2023.01.17"]
[WhiteClock "0:00:03"]
[BlackClock "0:00:11"]

1. e4 Nf6 2. e5 Nd5 3. d4 d6 4. c4 Nb6 5. exd6 cxd6 6. Nf3 g6 7. Nc3 Bg7 8. Be3 Bg4 9. Be2 O-O 10. O-O Nc6 11. b3 d5 12. c5 Nc8 13. b4 a6 14. Rb1 e6 15. b5 axb5 16. Rxb5 Ra7 17. h3 Bxf3 18. Bxf3 N8e7 19. Rb2 Nf5 20. Nb5 Ra8 21. g4 Nxe3 22. fxe3 Qg5 23. Re2 Ra5 24. Nd6 Rfa8 25. Qb1 R8a7 26. Nc8 h5 27. Nxa7 Rxa7 28. Kh1 hxg4 29. Bxg4 f5 30. Bf3 Kf7 31. Rg2 Qh6 32. Kh2 Bf6 33. Rfg1 g5 34. Qd1 g4 35. Bxg4 fxg4 36. Qxg4 Ne7 37. Qf3 Ra3 38. Re2 Rd3 39. Rf1 Nf5 40. Qg4 Bd8 41. Rxf5+ exf5 42. Qxf5+ Ke8 43. Qxd3 Bc7+ 44. Kg2 Qg6+ 45. Qxg6+ Ke7 46. Rf2 1-0


[Site "https://www.chess.com"]

[Event "Titled Tuesday Blitz January 17 Early 2023"]
[White "Jimenez, Joaquin"]
[Black "Fernandez Garcia, Gumersindo"]
[WhiteFideId "109860"]
[BlackFideId "24516740"]
[WhiteElo "2195"]
[BlackElo "2160"]
[Result "0-1"]
[Round "08"]
[TimeControl "180+2"]
[Date "2023.01.17"]
[WhiteClock "0:00:05"]
[BlackClock "0:00:15"]

1. e4 Nf6 2. Nc3 e5 3. Nf3 Nc6 4. d4 Bb4 5. d5 Ne7 6. Bd3 Ng6 7. Bd2 O-O 8. h4 d6 9. h5 Nf4 10. Bxf4 exf4 11. Qd2 Re8 12. Qxf4 Nxd5 13. Qd2 Qf6 14. O-O-O Nxc3 15. bxc3 Bxc3 16. Qg5 Qe6 17. Qd5 Qf6 18. Qb3 Bg4 19. Kb1 a5 20. a4 c6 21. Rdf1 b5 22. axb5 a4 23. Qa2 cxb5 24. e5 dxe5 25. Qd5 Bxf3 26. gxf3 a3 27. Ka2 Rad8 28. Qe4 Qe6+ 0-1


[Site "https://www.chess.com"]

[Event "Titled Tuesday Blitz January 17 Early 2023"]
[White "Iskusnyh, Sergei"]
[Black "Sreyas Payyappat"]
[WhiteFideId "4120027"]
[BlackFideId "46674969"]
[WhiteElo "2440"]
[BlackElo "2076"]
[Result "0-1"]
[Round "08"]
[TimeControl "180+2"]
[Date "2023.01.17"]
[WhiteClock "0:00:01"]
[BlackClock "0:00:10"]

1. d4 Nf6 2. c4 c5 3. d5 e6 4. Nc3 exd5 5. cxd5 d6 6. Nf3 g6 7. Nd2 Bg7 8. e4 O-O 9. Be2 Re8 10. O-O a6 11. a4 Nbd7 12. h3 Rb8 13. a5 Qe7 14. Re1 b5 15. axb6 Nxb6 16. Ra3 Ra8 17. Bf1 Bb7 18. Nf3 Qc7 19. Bf4 Nfd7 20. Qc1 Ne5 21. Nxe5 Bxe5 22. Bxe5 Rxe5 23. f4 Re7 24. f5 Nd7 25. Qh6 Rae8 26. Bxa6 Bxa6 27. Rxa6 c4 28. Rc6 Qb8 29. Rf1 Qxb2 30. Rxc4 Qb6+ 31. Kh1 gxf5 32. exf5 f6 33. Rg4+ Kh8 34. Ne4 Rf7 35. Rf3 Qb1+ 36. Kh2 Rxe4 37. Rg6 Re8 38. Rfg3 Qxf5 39. Rg7 Ref8 40. Rxf7 Rxf7 41. Qc1 Rf8 42. Qc7 Rg8 43. Rxg8+ Kxg8 44. Qd8+ Kf7 0-1


[Site "https://www.chess.com"]

[Event "Titled Tuesday Blitz January 17 Early 2023"]
[White "Ismagilov, Damir"]
[Black "Valle Maytin, Luis Enrique"]
[WhiteFideId "34199982"]
[BlackFideId "3503666"]
[WhiteElo "2156"]
[BlackElo "2241"]
[Result "0-1"]
[Round "08"]
[TimeControl "180+2"]
[Date "2023.01.17"]
[WhiteClock "0:00:30"]
[BlackClock "0:00:18"]

1. e4 c6 2. d4 d5 3. e5 c5 4. dxc5 e6 5. Qg4 Nd7 6. Nf3 h5 7. Qf4 Bxc5 8. Nc3 Nh6 9. Bd3 Be7 10. Qg3 g6 11. O-O Nc5 12. Bxg6 fxg6 13. Qxg6+ Nf7 14. b4 Nd7 15. Qxe6 Ndxe5 16. Qxd5 Qxd5 17. Nxd5 Nxf3+ 18. gxf3 Bh3 19. Bf4 Rg8+ 20. Bg3 Bxf1 21. Nc7+ Kd7 22. Nxa8 Bc4 23. Nc7 h4 24. Rd1+ Kc8 25. Nd5 Bxd5 26. Rxd5 hxg3 27. fxg3 Bxb4 28. Kg2 Bd6 29. Rf5 Rg7 30. f4 Kd7 31. h4 Ke6 32. Rb5 Bxf4 33. Rxb7 Rxg3+ 34. Kf2 Ra3 35. Rb4 Kf5 36. Rb5+ Ne5 37. h5 Rxa2 38. h6 Bxh6 39. Ke2 Rxc2+ 40. Kd1 Rc1+ 41. Ke2 Ra1 42. Rb7 Bf4 43. Kf2 a5 44. Ke2 a4 45. Ra7 Ke4 46. Ra8 Ra2+ 47. Kd1 Nf3 48. Re8+ Kd3 49. Rd8+ Nd4 50. Ke1 Be3 51. Kf1 Ra1+ 52. Kg2 Rg1+ 53. Kh2 Rc1 54. Ra8 Rc4 55. Kg3 Kc3 56. Kg2 Nc2 57. Ra7 Kb3 58. Ra8 a3 59. Kf3 Bc5 60. Ke2 Bb4 61. Kd3 Rd4+ 62. Ke2 Rd2+ 63. Kf3 a2 64. Ke4 Na3 65. Rh8 a1=Q 66. Rh3+ Ka4 67. Rh7 Qd4+ 68. Kf5 Rf2+ 69. Kg6 Qd6+ 70. Kh5 Rh2+ 71. Kg4 Rxh7 72. Kf5 Rf7+ 73. Ke4 Re7+ 74. Kf5 Qe6+ 75. Kg5 Bd2+ 76. Kh5 Rh7# 0-1


[Site "https://www.chess.com"]

[Event "Titled Tuesday Blitz January 17 Early 2023"]
[White "Jaskolka, Tomasz"]
[Black "Hamley, Ryan"]
[WhiteFideId "1170791"]
[BlackFideId "30959497"]
[WhiteElo "2238"]
[BlackElo "2092"]
[Result "0-1"]
[Round "08"]
[TimeControl "180+2"]
[Date "2023.01.17"]
[WhiteClock "0:00:01"]
[BlackClock "0:00:15"]

1. d4 Nf6 2. c4 e6 3. g3 d5 4. Bg2 Bb4+ 5. Nd2 O-O 6. Nf3 dxc4 7. O-O b5 8. a4 c3 9. Nb3 Bb7 10. axb5 Nbd7 11. Ra4 cxb2 12. Bxb2 Bd6 13. Ne5 Bxg2 14. Kxg2 Qc8 15. Qd3 Qb7+ 16. f3 Nd5 17. Nxd7 Rfd8 18. Ndc5 Qc8 19. e4 Nb6 20. Raa1 e5 21. Rfd1 exd4 22. Qxd4 f6 23. Qc3 h5 24. h4 Be5 25. Qc2 Bd6 26. Rd2 Rf8 27. Rad1 Qe8 28. Nd4 Qe5 29. Nde6 Qxg3+ 30. Kf1 Qxf3+ 31. Rf2 Qh3+ 32. Rg2 Rf7 33. Qf2 Bxc5 34. Nxc5 Re8 35. Rd3 Qc8 36. Rdg3 Qd8 37. Qf3 Re5 38. Nd3 Rxb5 39. Kg1 Nc4 40. Bc3 Rb3 41. Nf4 Ne5 42. Qe3 Qd1+ 43. Kh2 Ng4+ 44. Rxg4 hxg4 45. Qc5 Qf3 46. Nh5 Qh3+ 47. Kg1 Rb1+ 48. Kf2 Qf3# 0-1


[Site "https://www.chess.com"]

[Event "Titled Tuesday Blitz January 17 Early 2023"]
[White "Odegov, Artem"]
[Black "Garv Gaur"]
[WhiteFideId "34183644"]
[BlackFideId "45030839"]
[WhiteElo "2261"]
[BlackElo "2006"]
[Result "1-0"]
[Round "08"]
[TimeControl "180+2"]
[Date "2023.01.17"]
[WhiteClock "0:00:03"]
[BlackClock "0:00:01"]

1. d4 Nf6 2. c4 e6 3. Nf3 d5 4. Nc3 Be7 5. Bg5 O-O 6. e3 h6 7. Bxf6 Bxf6 8. Qc2 c5 9. O-O-O cxd4 10. Nxd4 Nc6 11. h4 Qb6 12. Na4 Qa5 13. c5 Bd7 14. Nc3 Qxc5 15. Nb3 Qb6 16. g4 Nb4 17. Qd2 Rfc8 18. Kb1 a5 19. Nd4 Nc6 20. g5 hxg5 21. hxg5 Bxg5 22. Ndb5 Nb4 23. Bd3 Bxb5 24. Nxb5 Bh6 25. Nd4 Kf8 26. Rdg1 Nxd3 27. Qxd3 a4 28. Rh5 a3 29. b3 Qc5 30. Rhh1 Qc3 31. Qxc3 Rxc3 32. Ne2 Rd3 33. Nc1 Rd2 34. f4 Rb2+ 35. Ka1 Rc8 36. Nd3 Rd2 37. Nb4 g6 38. Rxh6 Kg7 39. Rhh1 Rc3 40. Rd1 Re2 41. Nd3 Rxe3 42. Ne5 Re2 43. Nd3 Rcc2 44. Nb4 Rb2 45. Rhe1 Rf2 46. Rb1 Rbd2 47. Red1 Rde2 48. Re1 Rxe1 49. Rxe1 Rxf4 50. Nc2 Rf2 51. Nxa3 d4 52. Nb5 Kf6 53. Nxd4 g5 54. a4 g4 55. b4 g3 56. Rg1 g2 57. Nf3 Rf1+ 58. Kb2 Rf2+ 59. Kc1 1-0


[Site "https://www.chess.com"]

[Event "Titled Tuesday Blitz January 17 Early 2023"]
[White "Martynov, Pavel"]
[Black "TacticalSam94"]
[WhiteFideId "4101260"]
[WhiteElo "2414"]
[BlackElo "2382"]
[Result "1-0"]
[Round "08"]
[TimeControl "180+2"]
[Date "2023.01.17"]
[WhiteClock "0:01:33"]
[BlackClock "0:01:11"]

1. e4 c5 2. Nf3 d6 3. Bb5+ Bd7 4. Bxd7+ Qxd7 5. O-O Nf6 6. e5 dxe5 7. Nxe5 Qc8 8. Re1 e6 9. Nc3 Be7 10. Qf3 Nbd7 11. Nc4 O-O 12. a4 a6 13. d3 Re8 14. a5 Nb8 15. Nb6 Qc6 16. Nxa8 Qxf3 17. gxf3 Nc6 18. Nb6 Nd4 19. Rd1 Nxc2 20. Ra4 Nd4 21. Kg2 h6 22. Be3 Rd8 23. Ne4 Nd5 24. Nxd5 exd5 25. Bxd4 dxe4 26. dxe4 cxd4 27. Raxd4 Rc8 28. Rd7 Bb4 29. Rd8+ Rxd8 30. Rxd8+ Kh7 31. Rd7 Kg6 32. Rxb7 Bxa5 33. Ra7 Bd2 34. Rxa6+ Kg5 35. Rb6 Kf4 36. Rb5 g5 37. Rf5# 1-0


[Site "https://www.chess.com"]

[Event "Titled Tuesday Blitz January 17 Early 2023"]
[White "Osmak, Yuliia"]
[Black "Rosenberg, Evan S"]
[WhiteFideId "14101602"]
[BlackFideId "2019299"]
[WhiteElo "2440"]
[BlackElo "1956"]
[Result "0-1"]
[Round "08"]
[TimeControl "180+2"]
[Date "2023.01.17"]
[WhiteClock "0:00:01"]
[BlackClock "0:00:04"]

1. e4 e5 2. Nf3 Nc6 3. Nc3 Nf6 4. Bb5 Nd4 5. Bc4 Bc5 6. O-O O-O 7. Nxe5 d6 8. Nd3 Bg4 9. f3 Nxf3+ 10. Kh1 Nxh2 11. Qe1 Nxf1 12. Nxc5 dxc5 13. Qxf1 Be6 14. Be2 Ng4 15. Bxg4 Bxg4 16. d3 Qh4+ 17. Kg1 Be6 18. Be3 b6 19. Qf3 Rad8 20. Rf1 Qg4 21. Qf2 f5 22. e5 f4 23. Bxf4 g5 24. Ne4 gxf4 25. Nf6+ Rxf6 26. exf6 Bd5 27. Re1 Rf8 28. Re5 c6 29. c4 Be6 30. Qe1 Rxf6 31. Qe4 Rg6 32. Qxc6 Qd1+ 33. Kf2 Qd2+ 34. Re2 Qxd3 35. Qe8+ Kg7 36. Rxe6 Qd4+ 37. Kf1 Qd1+ 38. Kf2 Qd2+ 39. Re2 Qd4+ 40. Kf1 Qxc4 41. Qe7+ Qf7 42. Qe5+ Qf6 43. Qc7+ Kh6 44. Qxa7 f3 45. gxf3 Qxf3+ 46. Rf2 Qd1# 0-1


[Site "https://www.chess.com"]

[Event "Titled Tuesday Blitz January 17 Early 2023"]
[White "Todorovic, Bojan"]
[Black "Lymar, Vladislav"]
[WhiteFideId "917087"]
[BlackFideId "14162180"]
[WhiteElo "2195"]
[BlackElo "2119"]
[Result "0-1"]
[Round "08"]
[TimeControl "180+2"]
[Date "2023.01.17"]
[WhiteClock "0:00:01"]
[BlackClock "0:00:20"]

1. d4 d5 2. c4 e6 3. Nc3 c5 4. cxd5 exd5 5. Nf3 Nc6 6. g3 Nf6 7. Bg2 Be7 8. O-O O-O 9. dxc5 Bxc5 10. Na4 Be7 11. b3 Ne4 12. Bb2 Bf6 13. Nd4 Re8 14. Rc1 Bd7 15. Nc5 Nxc5 16. Rxc5 Qe7 17. Rxd5 Nb4 18. Ra5 b6 19. Nf5 Bxf5 20. Rxf5 Bxb2 21. Bxa8 Rxa8 22. Qd2 Bf6 23. e4 Nc6 24. e5 Nxe5 25. Re1 Qe6 26. g4 g6 27. Rxf6 Qxf6 28. Qd5 Re8 29. Kg2 Qf4 30. Re4 Qf3+ 31. Kg1 Rc8 0-1


[Site "https://www.chess.com"]

[Event "Titled Tuesday Blitz January 17 Early 2023"]
[White "Hirneise, Jens"]
[Black "Sohier, Julien"]
[WhiteFideId "24614734"]
[BlackFideId "645346"]
[WhiteElo "2277"]
[BlackElo "2214"]
[Result "1-0"]
[Round "08"]
[TimeControl "180+2"]
[Date "2023.01.17"]
[WhiteClock "0:00:49"]
[BlackClock "0:00:53"]

1. e4 e5 2. Ne2 Nc6 3. d4 exd4 4. Nxd4 Nf6 5. Nxc6 bxc6 6. Qe2 Be7 7. e5 Nd5 8. c4 Nb6 9. g3 O-O 10. Bg2 f6 11. e6 d5 12. cxd5 cxd5 13. O-O Qd6 14. Re1 Bb7 15. Bf4 Qd8 16. Nc3 Re8 17. Rad1 c6 18. Be4 Qc8 19. Bc2 g6 20. Qg4 Kg7 21. h4 Rg8 22. h5 g5 23. Qf5 Rh8 24. Bxg5 1-0


[Site "https://www.chess.com"]

[Event "Titled Tuesday Blitz January 17 Early 2023"]
[White "Le Ruyet, Leopold"]
[Black "Bommini, Mounika Akshaya"]
[WhiteFideId "645923"]
[BlackFideId "25019872"]
[WhiteElo "2245"]
[BlackElo "2118"]
[Result "1-0"]
[Round "08"]
[TimeControl "180+2"]
[Date "2023.01.17"]
[WhiteClock "0:00:23"]
[BlackClock "0:00:09"]

1. e4 c5 2. Nc3 e6 3. Nf3 Nf6 4. d4 cxd4 5. Nxd4 Nc6 6. Ndb5 d6 7. Bf4 e5 8. Be3 a6 9. Na3 Ng4 10. Nc4 Nxe3 11. Nxe3 Be7 12. Ncd5 Bg5 13. c3 O-O 14. Bd3 Be6 15. h4 Bh6 16. g4 Bxe3 17. Nxe3 Ne7 18. Qf3 d5 19. exd5 Nxd5 20. O-O-O Nxe3 21. Bxh7+ Kxh7 22. Rxd8 Raxd8 23. Qxe3 Bxg4 24. Qe4+ f5 25. Qxb7 Rd6 26. Rg1 Rfd8 27. Qe7 R8d7 28. Qxe5 Rd5 29. Qf4 Re7 30. f3 Bh5 31. Qg5 1-0


[Site "https://www.chess.com"]

[Event "Titled Tuesday Blitz January 17 Early 2023"]
[White "Salman, Pavel"]
[Black "Vaglio Munoz, Jaime"]
[WhiteFideId "24153753"]
[BlackFideId "6500145"]
[WhiteElo "2287"]
[BlackElo "2174"]
[Result "1-0"]
[Round "08"]
[TimeControl "180+2"]
[Date "2023.01.17"]
[WhiteClock "0:02:03"]
[BlackClock "0:01:02"]

1. d4 c6 2. Nf3 b5 3. g3 d5 4. Bg2 Bg4 5. O-O Nd7 6. b3 e6 7. c4 b4 8. Bf4 Ngf6 9. Ne5 Nxe5 10. dxe5 Nd7 11. Nd2 Be7 12. h3 Bf5 13. e4 dxe4 14. Nxe4 O-O 15. Nd6 Bxd6 16. exd6 e5 17. Be3 Qc8 18. c5 a5 19. Qf3 Ra6 20. Qxf5 g6 21. Qd3 f5 22. Bh6 Rf7 23. Rfe1 e4 24. Qc4 Ra8 25. Bf1 Ne5 26. Qc2 Nf3+ 27. Kg2 Raa7 28. Bc4 g5 29. Qb2 Qf8 30. Bxf8 Kxf8 31. Qh8# 1-0


[Site "https://www.chess.com"]

[Event "Titled Tuesday Blitz January 17 Early 2023"]
[White "Ansh M Shah"]
[Black "Warchol, Kamil"]
[WhiteFideId "25033379"]
[BlackFideId "21858241"]
[WhiteElo "2171"]
[BlackElo "2173"]
[Result "1-0"]
[Round "08"]
[TimeControl "180+2"]
[Date "2023.01.17"]
[WhiteClock "0:01:24"]
[BlackClock "0:00:01"]

1. d4 Nf6 2. c4 e6 3. g3 c5 4. d5 exd5 5. cxd5 b5 6. Bg2 d6 7. a4 b4 8. b3 g6 9. Bb2 Bg7 10. Nd2 O-O 11. Nc4 Qe7 12. Nf3 Ne4 13. Bxg7 Kxg7 14. O-O Nc3 15. Qd2 Ba6 16. Rfe1 Nd7 17. Qf4 Nxd5 18. Qxd6 Qxd6 19. Nxd6 Nc3 20. e3 Rad8 21. Ng5 Nf6 22. Nde4 Nfxe4 23. Nxe4 Nxe4 24. Bxe4 c4 25. bxc4 Bxc4 26. Rab1 a5 27. Rec1 Rc8 28. Bb7 Rb8 29. Bc6 Ba2 30. Rb2 b3 31. Bd5 Rb4 32. Rc7 Kg8 33. e4 Kg7 34. Ra7 1-0


[Site "https://www.chess.com"]

[Event "Titled Tuesday Blitz January 17 Early 2023"]
[White "Zemlyanskii, Ivan"]
[Black "Krstulovic, Alex"]
[WhiteFideId "24249971"]
[BlackFideId "760056"]
[WhiteElo "2300"]
[BlackElo "2428"]
[Result "1-0"]
[Round "08"]
[TimeControl "180+2"]
[Date "2023.01.17"]
[WhiteClock "0:00:21"]
[BlackClock "0:00:02"]

1. d4 Nf6 2. c4 e6 3. Nf3 d5 4. e3 b6 5. Nc3 Bb7 6. cxd5 exd5 7. g3 a6 8. Bg2 Bd6 9. O-O Nbd7 10. Nh4 O-O 11. Nf5 Be7 12. Nxe7+ Qxe7 13. b3 Rfd8 14. Bb2 Rac8 15. Rc1 Nf8 16. Qd3 Ne6 17. Rfd1 c5 18. dxc5 bxc5 19. Na4 c4 20. Qf5 d4 21. Bxd4 Nxd4 22. exd4 Bxg2 23. Kxg2 Qb7+ 24. Qf3 Qb4 25. Nc5 cxb3 26. Nxb3 Rc4 27. Rxc4 Qxc4 28. Rc1 Qa4 29. Rc2 h6 30. Qc6 Qa3 31. Qc5 Qa4 32. Qb6 Rd7 33. Rc8+ Kh7 34. Nc5 Qc4 35. Nxd7 Qd5+ 36. Kg1 Qxd7 37. Rc7 Qg4 38. Qb1+ g6 39. Rxf7+ Kg8 40. Rxf6 1-0


[Site "https://www.chess.com"]

[Event "Titled Tuesday Blitz January 17 Early 2023"]
[White "Makhnev, Denis"]
[Black "Mestnikov, Aisen"]
[WhiteFideId "13707647"]
[BlackFideId "34130117"]
[WhiteElo "2483"]
[BlackElo "2078"]
[Result "1-0"]
[Round "08"]
[TimeControl "180+2"]
[Date "2023.01.17"]
[WhiteClock "0:01:42"]
[BlackClock "0:01:37"]

1. Nf3 Nf6 2. c4 c5 3. Nc3 e6 4. g3 d5 5. cxd5 exd5 6. d4 Nc6 7. Bg2 Bg4 8. Ne5 cxd4 9. Nxg4 Nxg4 10. Nxd5 Nf6 11. Bg5 Qa5+ 12. Bd2 Qd8 13. Qb3 Nxd5 14. Bxd5 Qf6 15. Qxb7 1-0


[Site "https://www.chess.com"]

[Event "Titled Tuesday Blitz January 17 Early 2023"]
[White "Wagh Suyog"]
[Black "Baches Garcia, Guillermo"]
[WhiteFideId "25071688"]
[BlackFideId "2209764"]
[WhiteElo "2313"]
[BlackElo "2327"]
[Result "1-0"]
[Round "08"]
[TimeControl "180+2"]
[Date "2023.01.17"]
[WhiteClock "0:01:44"]
[BlackClock "0:00:49"]

1. e4 c5 2. Nf3 d6 3. d4 cxd4 4. Nxd4 Nf6 5. Nc3 Nc6 6. Bg5 e6 7. Qd3 Be7 8. Nxc6 bxc6 9. Qg3 O-O 10. O-O-O Nh5 11. Bxe7 Nxg3 12. Bxd8 Nxh1 13. Be7 Re8 14. Bh4 g5 15. Bxg5 Nxf2 16. Rxd6 Ng4 17. Be2 Ne5 18. Bf6 Nd7 19. Bh4 Nb6 20. e5 Nd5 21. Ne4 Nf4 22. Nf6+ Kf8 23. Bf3 Ba6 24. Bg5 Nd5 25. Bh6+ 1-0


[Site "https://www.chess.com"]

[Event "Titled Tuesday Blitz January 17 Early 2023"]
[White "Albertini, Luca"]
[Black "Injac, Teodora"]
[WhiteFideId "847038"]
[BlackFideId "932400"]
[WhiteElo "2084"]
[BlackElo "2391"]
[Result "0-1"]
[Round "08"]
[TimeControl "180+2"]
[Date "2023.01.17"]
[WhiteClock "0:01:41"]
[BlackClock "0:01:35"]

1. e4 g6 2. d4 Bg7 3. c4 d6 4. Nc3 Nf6 5. f3 O-O 6. Be3 Nbd7 7. Qd2 a6 8. O-O-O c5 9. d5 b5 10. cxb5 Qa5 11. a4 Nb6 12. Qc2 axb5 13. Bxb5 Bd7 14. Nge2 Rfb8 15. Kd2 Bxb5 16. axb5 Nc4+ 17. Kd3 Qb4 18. Rb1 Nd7 19. b3 Nde5# 0-1


[Site "https://www.chess.com"]

[Event "Titled Tuesday Blitz January 17 Early 2023"]
[White "Castellanos Gomez, Alejandro"]
[Black "Fiorito, Joaquin"]
[WhiteFideId "22284141"]
[BlackFideId "180173"]
[WhiteElo "2253"]
[BlackElo "2405"]
[Result "0-1"]
[Round "08"]
[TimeControl "180+2"]
[Date "2023.01.17"]
[WhiteClock "0:00:14"]
[BlackClock "0:00:58"]

1. d4 Nf6 2. Bf4 d5 3. e3 c5 4. c3 Nc6 5. Nd2 Bf5 6. Ngf3 Qb6 7. dxc5 Qxb2 8. Rc1 e6 9. Nd4 Bxc5 10. Nxf5 exf5 11. Bd3 Ne4 12. Rc2 Qb6 13. O-O O-O 14. Qh5 g6 15. Qh3 Rfe8 16. Nb3 a5 17. Nxc5 Qxc5 18. Rb1 Nxc3 19. Rbc1 d4 20. exd4 Qxd4 21. Bg5 Nd5 22. Rc4 Qe5 23. Rh4 h5 24. Bc4 Nb6 25. Bb3 Qe1+ 0-1


[Site "https://www.chess.com"]

[Event "Titled Tuesday Blitz January 17 Early 2023"]
[White "Heinemann, Josefine"]
[Black "Ordekalog"]
[WhiteFideId "12900460"]
[WhiteElo "2289"]
[BlackElo "2578"]
[Result "0-1"]
[Round "08"]
[TimeControl "180+2"]
[Date "2023.01.17"]
[WhiteClock "0:00:06"]
[BlackClock "0:00:10"]

1. e4 d5 2. exd5 Qxd5 3. Nc3 Qa5 4. d4 Nf6 5. Bc4 Bg4 6. Nf3 e6 7. h3 Bxf3 8. Qxf3 c6 9. O-O Qc7 10. Bf4 Bd6 11. Bxd6 Qxd6 12. Rad1 Nbd7 13. Ne4 Nxe4 14. Qxe4 O-O 15. Bd3 Nf6 16. Qh4 Rfd8 17. c3 h6 18. Rfe1 Rd7 19. Re3 Rad8 20. Rg3 Kf8 21. Re1 c5 22. dxc5 Qxc5 23. Bb1 Rd1 24. Re3 R8d2 25. Qf4 Ke7 26. Re5 Rxe1+ 27. Rxe1 Rxb2 28. Qg3 Qb6 29. Bd3 Qd6 30. Qf3 Qd5 31. Qg3 Qc5 32. Rf1 g5 33. Bb1 Qb6 34. Bd3 Rxa2 35. Qf3 Qc6 36. Qe3 Nd5 37. Qe4 Qxc3 38. Qh7 Nf6 39. Qxh6 Qxd3 40. Qxg5 Qd5 41. Qg3 Rd2 42. Qc7+ Nd7 43. h4 a5 44. h5 Qxh5 45. Qc3 Qd5 46. Qa3+ Ke8 47. Qg3 Rd1 48. Rxd1 Qxd1+ 49. Kh2 Qh5+ 50. Kg1 Qd1+ 51. Kh2 Qd5 52. Qg8+ Ke7 53. Qh8 Qe5+ 0-1


[Site "https://www.chess.com"]

[Event "Titled Tuesday Blitz January 17 Early 2023"]
[White "Sielecki, Christof"]
[Black "Szyszylo, Rafal"]
[WhiteFideId "4620437"]
[BlackFideId "1109626"]
[WhiteElo "2419"]
[BlackElo "2091"]
[Result "1-0"]
[Round "08"]
[TimeControl "180+2"]
[Date "2023.01.17"]
[WhiteClock "0:01:08"]
[BlackClock "0:00:03"]

1. e4 g6 2. d4 d6 3. Nc3 Nf6 4. f4 Bg7 5. Nf3 O-O 6. Bd3 Na6 7. O-O c5 8. d5 Bg4 9. h3 Bxf3 10. Rxf3 Rc8 11. Bc4 Nc7 12. a4 Nd7 13. Kh1 a6 14. a5 b5 15. axb6 Nxb6 16. Bf1 Ra8 17. Na4 Nb5 18. Nxb6 Qxb6 19. c3 a5 20. f5 Nc7 21. Bc4 Ne8 22. Qe2 Nf6 23. Bg5 Rfe8 24. fxg6 hxg6 25. e5 dxe5 26. Qxe5 Nh7 27. Qe3 Nxg5 28. Qxg5 Bf6 29. Qd2 Kg7 30. Raf1 Red8 31. g4 Rd6 32. g5 Rh8 33. gxf6+ exf6 34. Qg2 f5 35. Rxf5 Qd8 36. Qg3 1-0


[Site "https://www.chess.com"]